 Dungeon Crawl Stone Soup version 0.26.0-45-g9c1d065592 (webtiles) character file.

Game seed: 1537266455864807857

216772 canine the Fighter (level 19, -3/137 HPs)
             Began as a Gnoll Wanderer on Jan 29, 2021.
             Was the Champion of Hepliaklqana.
             Slain by Jory
             ... wielding a +2 vorpal battleaxe
              (5 damage)
             ... on level 2 of the Vaults on Jan 30, 2021.
             The game lasted 01:10:56 (43428 turns).

canine the Fighter (Gnoll Wanderer)                Turns: 43428, Time: 01:10:57

Health: -3/137     AC: 23    Str: 25      XL:     19   Next: 6%
Magic:  35/35      EV: 24    Int: 18 (19) God:    Hepliaklqana [******]
Gold:   3042       SH: 19    Dex: 19      Spells: 31/43 levels left

rFire    + . .     SeeInvis .   b - +12 hunting sling "Keipt" {vorpal, rPois Str+3}
rCold    + + +     Faith    .   h - +0 kite shield
rNeg     + . .     Spirit   .   O - +3 scale mail
rPois    +         Reflect  +   P - +1 helmet {Int+3}
rElec    .         Harm     .   M - +1 cloak of Starlight {*Dazzle EV+4 Stlth--}
rCorr    .         Rampage  .   t - +2 pair of gloves
Will     +....                  r - +0 pair of boots
Stlth    +++.......             l - amulet of reflection
HPRegen  0.32/turn              D - ring of Luruethru {rPois rC+ rN+ Dex+5}
MPRegen  0.24/turn              Q - ring "Doxow" {rF+ rC++ Stlth+}

@: no status effects
A: distributed training, reduced essence, fangs 1, strong nose
}: 1/15 runes: gossamer
a: Renounce Religion, Recall Ancestor, Ancestor Identity, Transference, Idealise


You were on level 2 of the Vaults.
You worshipped Hepliaklqana.
Hepliaklqana was exalted by your worship.
You visited 5 branches of the dungeon, and saw 29 of its levels.
You also visited: Ossuary, Gauntlet and Ice Cave.

You collected 4286 gold pieces.
You spent 1244 gold pieces at shops.

Inventory:

Hand Weapons
 a - the +8 spear "Vanusese" {vamp, Str+5 Int+4}
   (You found it on level 12 of the Dungeon)

   It inflicts no extra harm, but heals its wielder when it wounds a living foe.
   It affects your strength (+5).
   It affects your intelligence (+4).
 b - the +12 hunting sling "Keipt" (weapon) {vorpal, rPois Str+3}
   (You found it on level 6 of the Dungeon)

   Any stone fired from it inflicts extra damage.
   It affects your strength (+3).
   It protects you from poison.
 Y - a +1 morningstar of draining
Missiles
 p - 79 sling bullets
 C - 633 stones (quivered ammo)
 F - 21 silver javelins
Armour
 h - a +0 kite shield (worn)
 r - a +0 pair of boots (worn)
 t - a +2 pair of gloves (worn)
 M - the +1 cloak of Starlight (worn) {*Dazzle EV+4 Stlth--}
   (You bought it in a shop on level 2 of the Orcish Mines)

   It affects your evasion (+4).
   It makes you much less stealthy.
 O - a +3 scale mail (worn)
 P - a +1 helmet of intelligence (worn)
Jewellery
 l - an amulet of reflection (around neck)
 D - the ring of Luruethru (left hand) {rPois rC+ rN+ Dex+5}
   (You found it on level 14 of the Dungeon)

   [ring of poison resistance]

   It affects your dexterity (+5).
   It protects you from cold.
   It protects you from poison.
   It protects you from negative energy.
 Q - the ring "Doxow" (right hand) {rF+ rC++ Stlth+}
   (You found it on level 10 of the Dungeon)

   [ring of protection from fire]

   It protects you from fire.
   It greatly protects you from cold.
   It makes you more stealthy.
 X - an uncursed ring of see invisible
 Z - the amulet "Behilal" {*Drain +Blink rN++ Regen+ Dex+4}
   (You found it on level 10 of the Dungeon)

   [amulet of regeneration]

   It affects your dexterity (+4).
   It greatly protects you from negative energy.
   It lets you blink.
   It increases your rate of regeneration.
   It causes draining when unequipped.
Wands
 y - a wand of paralysis (30)
 B - a wand of iceblast (15)
 K - a wand of acid (9)
 R - a wand of digging (4)
Scrolls
 e - 19 scrolls of remove curse
 g - 6 scrolls of magic mapping
 k - 7 scrolls of fog
 m - 9 scrolls of enchant weapon
 n - 9 scrolls of enchant armour
 q - 4 scrolls of teleportation
 s - 11 scrolls of amnesia
 u - 9 scrolls of immolation
 v - 7 scrolls of identify
 A - 7 scrolls of blinking
 N - a scroll of holy word
 S - a scroll of brand weapon
 U - a scroll of noise
 V - a scroll of summoning
 W - 2 scrolls of fear
Potions
 c - a potion of might
 d - 2 potions of heal wounds
 f - 15 potions of curing
 i - 10 potions of flight
 j - 3 potions of attraction
 o - 8 potions of lignification
 x - a potion of berserk rage
 z - 10 potions of ambrosia
 G - 6 potions of mutation
 H - a potion of resistance
 I - 3 potions of brilliance
 J - 5 potions of haste
 L - a potion of cancellation
Miscellaneous
 E - a condenser vane
 T - a phial of floods


   Skills:
 + Level 14.6 Fighting
 + Level 12.5 Short Blades
 + Level 12.5 Long Blades
 + Level 12.5 Axes
 + Level 12.8 Maces & Flails
 + Level 12.5 Polearms
 + Level 12.5 Staves
 + Level 12.5 Slings
 + Level 12.5 Bows
 + Level 12.5 Crossbows
 + Level 13.2 Throwing
 + Level 13.8 Armour
 + Level 12.5 Dodging
 + Level 12.5 Stealth
 + Level 12.5 Shields
 + Level 12.5 Unarmed Combat
 + Level 12.5 Spellcasting
 + Level 10.7 Conjurations
 + Level 10.7 Hexes
 + Level 10.7 Summonings
 + Level 10.7 Necromancy
 + Level 10.7 Translocations
 + Level 10.7 Transmutations
 + Level 10.7 Fire Magic
 + Level 10.7 Ice Magic
 + Level 10.7 Air Magic
 + Level 10.7 Earth Magic
 + Level 10.7 Poison Magic
 + Level 13.5 Invocations
 + Level 12.5 Evocations


You had 31 spell levels left.
You knew the following spells:

 Your Spells              Type           Power        Failure   Level
a - Sticky Flame          Conj/Fire      50%          1%          4
b - Wereblood             Tmut           50%          1%          2
c - Call Canine Familiar  Summ           50%          1%          3
d - Inner Flame           Hex/Fire       50%          1%          3

Your spell library contained the following spells:

 Spells                   Type           Power        Failure   Level
 Animate Skeleton         Necr           100%         1%          1
 Apportation              Tloc           100%         1%          1
 Beastly Appendage        Tmut           100%         1%          1
 Corona                   Hex            55%          1%          1
 Foxfire                  Conj/Fire      100%         1%          1
 Summon Small Mammal      Summ           100%         1%          1
 Call Imp                 Summ           50%          1%          2
 Corpse Rot               Necr/Air       N/A          1%          2
 Ensorcelled Hibernation  Hex/Ice        100%         1%          2
 Sublimation of Blood     Necr           25%          1%          2
 Confusing Touch          Hex            50%          1%          3
 Conjure Flame            Conj/Fire      50%          1%          3
 Dazzling Flash           Conj/Hex       100%         1%          3
 Ignite Poison            Fire/Tmut/Pois 50%          1%          3
 Spider Form              Tmut/Pois      25%          1%          3
 Summon Guardian Golem    Hex/Summ       50%          1%          3
 Tukima's Dance           Hex            50%          1%          3
 Dispel Undead            Necr           50%          1%          4
 Ice Form                 Ice/Tmut       50%          1%          4
 Summon Ice Beast         Ice/Summ       50%          1%          4
 Summon Lightning Spire   Summ/Air       50%          1%          4
 Agony                    Necr           50%          5%          5
 Blade Hands              Tmut           25%          5%          5
 Excruciating Wounds      Necr           25%          5%          5
 Fireball                 Conj/Fire      25%          5%          5
 Metabolic Englaciation   Hex/Ice        25%          5%          5
 Freezing Cloud           Conj/Ice/Air   25%          28%         6
 Ozocubu's Refrigeration  Ice            25%          28%         6
 Simulacrum               Ice/Necr       25%          28%         6
 Starburst                Conj/Fire      25%          28%         6
 Ignition                 Fire           25%          100%        8


Dungeon Overview and Level Annotations

Branches:
Dungeon (15/15)            Temple (0/1) D:5            Lair (6/6) D:9
 Shoals (0/4) Lair:4       Spider (4/4) Lair:4        Slime (0/5) Lair:5
    Orc (2/2) D:11            Elf (0/3) Orc:2        Vaults (2/5) D:13
 Depths (0/5) D:15        Ossuary (visited)           IceCv (visited)
Gauntlet (visited)
  Crypt: Vaults:2-3

Altars:
Elyvilon
Hepliaklqana
Makhleb
Ru
Trog
Xom
Yredelemnul
Zin
Beogh

Shops:
D:13 *   Orc:2 =[*(

Portals:
Trove: Vaults:1 (give 7 potions of haste)

Annotations:
D:8 2 transporters, qqq123's ghost, novice GrFi
Lair:6 exclusion: oklob plant
Spider:1 3 runed translucent doors, Zudoyce's ghost, adept HOFi
Spider:2 1 transporter
Vaults:2 Donald; Frederick; Jory; Nikola


Innate Abilities, Weirdness & Mutations

Your experience applies equally to all skills.
You have very sharp teeth.
Your uncanny sense of smell can sniff out nearby items.
Your life essence is reduced to manifest your ancestor. (-10% HP)


Message History

Fire: 635 stones
Press: ? - help, Q - select action, (/) - cycle Shift-Dir - straight line, f/p - Jory
Aim: Jory, wielding a +2 vorpal battleaxe and wearing a +0 chain mail of fire resistance (lightly damaged, 73% to hit)
You shoot a stone. The stone hits Jory but does no damage.
Jory is lightly damaged.
Fire: 634 stones
Press: ? - help, Q - select action, (/) - cycle Shift-Dir - straight line, f/p - Jory
Aim: Jory, wielding a +2 vorpal battleaxe and wearing a +0 chain mail of fire resistance (lightly damaged, 73% to hit)
You shoot a stone. The stone hits Jory!
Jory is lightly damaged.
Jory hits you with a +2 vorpal battleaxe!!!
* * * LOW HITPOINT WARNING * * *
x2 Jory hits Nezzuret with a +2 vorpal battleaxe!!
You block Jory's attack.
Nezzuret mumbles some strange words.
Nezzuret seems to speed up.
You feel much better.
Nezzuret misses Jory.
Jory hits you with a +2 vorpal battleaxe!!
* * * LOW HITPOINT WARNING * * *
You die...

########'####
#()(........#
#).(.#.#....#
##########))R.###.>..#
#........#..@V#.#....#
#........'.###)..##
+........#..#..>..#
#........#.###...##
#........#....#.#...
#........#....###....#
#........#.... ....#
#........#..... ...'.#
#........#######
####.#


You could see the friendly Nezzuret the knight (fast) and Jory.

Vanquished Creatures
  Bai Suzhen (Spider:3)
  Arachne (Spider:3)
  Jorgrun (D:12)
  2 ghost moths
  A vault warden (Vaults:1)
  2 emperor scorpions (Spider:4)
  2 ironheart preservers
  Nessos (Orc:2)
  Azrael (D:13)
  A spark wasp (Spider:4)
  A minotaur (Gauntlet)
  2 rakshasas
  3 vault guards (Vaults:1)
  Josephine (Lair:4)
  4 boulder beetles
  5 hydras
  An ice dragon (IceCv)
  A great orb of eyes (Vaults:1)
  2 catoblepae
  7 centaur warriors
  2 ogre magi
  10 two-headed ogres
  A deep troll shaman (Vaults:1)
  9 death yaks
  A two-headed ogre (shapeshifter) (Vaults:2)
  An orc high priest (Orc:2)
  Sonja (Lair:2)
  A deep elf knight (Vaults:1)
  2 unseen horrors (D:10)
  A glowing orange brain (Vaults:2)
  2 skeletal warriors (D:15)
  A wizard (Vaults:1)
  A golden dragon zombie (D:15)
  3 deep trolls (Vaults:1)
  A deep elf archer (Vaults:1)
  A harpy (shapeshifter) (Vaults:1)
  Pikel (D:8)
  A phantasmal warrior (D:14)
  A necromancer (D:15)
  4 ironbrand convokers (Vaults:1)
  3 harpies (Vaults:2)
  4 orc knights
  An orc sorcerer (Orc:2)
  18 wolf spiders
  12 ugly things
  9 orb spiders
  A human zombie (Vaults:2)
  6 cyclopes
  5 manticores
  A deep elf mage (D:9)
  A human skeleton (Vaults:2)
  Psyche (D:8)
  4 vault sentinels
  A fire giant skeleton (Vaults:2)
  11 elephants
  2 black mambas
  2 ice statues (IceCv)
  11 cane toads
  A gargoyle (D:10)
  2 torpor snails
  5 rime drakes
  12 komodo dragons
  6 demonic crawlers
  21 yaktaurs
  2 kobold demonologists
  A yaktaur zombie (D:15)
  A freezing wraith (Vaults:1)
  2 tengu conjurers (D:15)
  2 trolls (shapeshifter)
  5 trolls
  2 meliai (D:12)
  27 jumping spiders
  A queen bee (D:12)
  A wind drake (Lair:4)
  3 hornets
  7 slime creatures
  A human simulacrum (Vaults:1)
  2 dream sheep (Lair:6)
  44 redbacks
  18 tarantellas
  6 wraiths
  61 yaks
  2 basilisks
  A vampire (D:15)
  3 fire elementals (D:13)
  3 shadows
  A hog (D:14)
  13 humans (D:13)
  2 wyverns
  3 wargs
  3 vampire mosquitoes (D:15)
  14 water moccasins
  2 hell hounds (D:13)
  A floating eye (shapeshifter) (D:15)
  14 ice beasts
  An eye of draining (D:11)
  4 black bears
  27 orc warriors
  8 ogres
  3 phantoms
  6 necrophages
  4 sky beasts
  10 wolves
  13 centaurs
  4 big kobolds
  A wyvern zombie (D:13)
  15 bullfrogs
  A scorpion (shapeshifter) (Gauntlet)
  A troll zombie (D:11)
  Dowan (D:7)
  6 scorpions
  22 killer bees
  4 wights
  5 howler monkeys
  6 electric eels
  2 centaur zombies
  4 bullfrog zombies
  6 jellies
  A lava snake (Orc:2)
  A quasit (D:8)
  2 bullfrog skeletons (D:8)
  18 orc priests
  5 hounds
  6 centaur skeletons
  17 orc wizards
  2 iguanas
  10 worker ants
  A big kobold zombie (Ossuary)
  2 ogre zombies (D:11)
  A hound skeleton (D:9)
  6 mummies (Ossuary)
  2 worker ant zombies
  8 gnolls
  13 adders
  A shadow imp (D:8)
  A white imp (D:6)
  An ufetubus (D:9)
  4 oozes
  An adder zombie (D:9)
  3 worms
  3 dart slugs
  7 leopard geckos
  53 orcs
  2 ball pythons
  7 giant cockroaches
  A gnoll zombie (Ossuary)
  8 goblins
  16 hobgoblins
  19 jackals
  17 kobolds
  3 quokkas
  8 bats
  6 frilled lizards
  2 goblin zombies (D:11)
  2 hobgoblin skeletons (D:11)
  3 hobgoblin zombies
  A jackal skeleton (D:5)
  2 orc skeletons (D:11)
  13 orc zombies
  A quokka skeleton (D:7)
  6 rats
  2 butterflies (Lair:3)
915 creatures vanquished.

Vanquished Creatures (collateral kills)
  Gastronok (Lair:2)
  Kirke (D:14)
  An orc warlord (Orc:2)
  An emperor scorpion (Spider:4)
  A stone giant (Vaults:2)
  The ghost of Opnastoc the Severer, a journeyman MiBe of Trog (D:14)
  An entropy weaver (Spider:3)
  2 spark wasps
  The ghost of Hehehe the Cleaver, a journeyman DDFi of Makhleb (D:12)
  A yaktaur captain (Vaults:1)
  A hydra (Lair:4)
  A great orb of eyes (Vaults:1)
  A rakshasa (Vaults:1)
  2 boulder beetles
  2 catoblepae (Lair:6)
  3 ice dragons
  3 vault guards
  2 ogre magi
  8 two-headed ogres
  A vampire mage (D:15)
  A death yak (Lair:6)
  Urug (D:12)
  2 unseen horrors (D:13)
  A phantasmal warrior (D:12)
  A harpy (Vaults:2)
  2 orc knights (Orc:2)
  A deep elf archer (Vaults:1)
  2 necromancers
  2 cyclopes
  An ugly thing (D:10)
  2 orc sorcerers
  8 orb spiders
  6 wolf spiders
  2 elephants (Lair:5)
  A frost giant skeleton (Vaults:2)
  A stone giant skeleton (Vaults:2)
  A black mamba (Lair:4)
  2 apocalypse crabs (Gauntlet)
  2 centaur skeletons
  A yaktaur zombie (D:15)
  2 rime drakes (Lair:6)
  5 yaktaurs
  A komodo dragon (Lair:4)
  An efreet (D:14)
  A kobold demonologist (D:14)
  8 demonic crawlers
  A freezing wraith (D:14)
  2 tengu conjurers (D:15)
  A troll (Orc:1)
  2 polar bears
  A queen bee (shapeshifter) (Vaults:1)
  4 jumping spiders
  A meliai (D:12)
  5 hornets
  3 dream sheep (Lair:6)
  24 redbacks
  A shadow (D:11)
  A spriggan skeleton (D:15)
  2 wraiths (D:15)
  2 vampires
  10 tarantellas
  2 wyverns
  A water elemental (D:11)
  8 humans (D:13)
  14 yaks
  A hog (D:14)
  A golden eye (shapeshifter) (Vaults:2)
  An acid dragon (Vaults:1)
  Duvessa (D:7)
  2 water moccasins
  8 ice beasts
  8 orc warriors
  A black bear (D:8)
  3 ogres
  A wolf (Lair:5)
  3 centaurs
  A necrophage (Lair:2)
  A phantom (D:6)
  A big kobold (D:15)
  3 bullfrogs
  A troll zombie (D:11)
  A scorpion (D:5)
  9 killer bees
  5 wights
  An electric eel (D:12)
  A howler monkey (D:12)
  A bullfrog zombie (D:9)
  A hound (D:10)
  10 orc wizards
  6 orc priests
  A jelly (D:12)
  Crazy Yiuf (D:7)
  2 iguanas
  4 worker ants
  2 ogre zombies (D:11)
  2 mummies (Ossuary)
  A hound skeleton (D:6)
  A howler monkey skeleton (D:5)
  An adder (D:7)
  A white imp (D:6)
  An ufetubus (D:5)
  13 orcs
  2 gnoll zombies (Ossuary)
  2 jackals
  5 kobolds
  An orc zombie (D:11)
290 creatures vanquished.

Vanquished Creatures (others)
  An ironheart preserver (Vaults:2)
  2 two-headed ogres (Vaults:2)
  An ogre mage (Vaults:2)
  An unseen horror (D:10)
  A cyclops (Vaults:2)
  A human (D:14)
  An acid dragon (Vaults:2)
  3 ogres (Vaults:2)
  A jelly (D:13)
  16 knights
  An ancestor (D:5)
  35 fungi
  55 plants
  4 withered plants (D:15)
123 creatures vanquished.

Grand Total: 1328 creatures vanquished

Notes
Turn   | Place    | Note
-------+----------+-------------------------------------------
     0 | D:1      | canine the Gnoll Wanderer began the quest for the Orb.
     0 | D:1      | canine set off with the following items: a +2 dagger, a
                  | curare-tipped dart, a +0 ring mail, a +0 mace
     0 | D:1      | Reached XP level 1. HP: 26/26 MP: 1/1
   147 | D:1      | Reached XP level 2. HP: 26/33 MP: 2/2
   742 | D:1      | Reached XP level 3. HP: 35/38 MP: 3/3
   986 | D:2      | Reached skill level 1 in Invocations
  1096 | D:2      | Reached skill level 1 in Short Blades
  1096 | D:2      | Reached skill level 1 in Long Blades
  1096 | D:2      | Reached skill level 1 in Axes
  1096 | D:2      | Reached skill level 1 in Polearms
  1096 | D:2      | Reached skill level 1 in Staves
  1096 | D:2      | Reached skill level 1 in Slings
  1096 | D:2      | Reached skill level 1 in Bows
  1096 | D:2      | Reached skill level 1 in Crossbows
  1096 | D:2      | Reached skill level 1 in Dodging
  1096 | D:2      | Reached skill level 1 in Stealth
  1096 | D:2      | Reached skill level 1 in Shields
  1096 | D:2      | Reached skill level 1 in Unarmed Combat
  1096 | D:2      | Reached skill level 1 in Spellcasting
  1096 | D:2      | Reached skill level 1 in Evocations
  1456 | D:2      | Reached XP level 4. HP: 21/45 MP: 5/5
  1477 | D:2      | HP: 1/45 [gnoll/+0 whip (7)]
  1479 | D:2      | Reached skill level 1 in Conjurations
  1479 | D:2      | Reached skill level 1 in Hexes
  1479 | D:2      | Reached skill level 1 in Summonings
  1479 | D:2      | Reached skill level 1 in Necromancy
  1479 | D:2      | Reached skill level 1 in Translocations
  1479 | D:2      | Reached skill level 1 in Transmutations
  1479 | D:2      | Reached skill level 1 in Fire Magic
  1479 | D:2      | Reached skill level 1 in Ice Magic
  1479 | D:2      | Reached skill level 1 in Air Magic
  1479 | D:2      | Reached skill level 1 in Earth Magic
  1479 | D:2      | Reached skill level 1 in Poison Magic
  1945 | D:2      | Reached XP level 5. HP: 27/51 MP: 5/7
  3496 | D:3      | Reached XP level 6. HP: 45/57 MP: 8/8
  3587 | D:3      | Noticed a blizzard demon
  3588 | D:3      | Found a burning altar of Makhleb.
  3591 | D:3      | Found a glowing silver altar of Zin.
  3591 | D:3      | Noticed an angel
  4000 | D:4      | Reached skill level 5 in Throwing
  4112 | D:4      | Found a sacrificial altar of Ru.
  4605 | D:4      | Found a hazy altar of Hepliaklqana.
  4643 | D:4      | Became a worshipper of Hepliaklqana the Forgotten
  4955 | D:5      | Entered Level 5 of the Dungeon
  5093 | D:5      | Reached XP level 7. HP: 48/56 MP: 10/10
  5296 | D:5      | Found a staircase to the Ecumenical Temple.
  5884 | D:6      | Reached * piety under Hepliaklqana
  5895 | D:6      | Reached skill level 9 in Fighting
  6244 | D:6      | Reached XP level 8. HP: 31/63 MP: 12/12
  6805 | D:6      | Got a twisted hunting sling
  6807 | D:6      | Identified the +12 hunting sling "Keipt" {vorpal, rPois
                  | Str+3} (You found it on level 6 of the Dungeon)
  7441 | D:6      | Found a shimmering altar of Xom.
  7729 | D:7      | Noticed Dowan
  7731 | D:7      | Noticed Duvessa
  7736 | D:7      | Killed Dowan
  7745 | D:7      | Killed Duvessa
  7746 | D:7      | Reached XP level 9. HP: 28/68 MP: 14/14
  7935 | D:7      | Found a sand-covered staircase.
  7947 | Ossuary  | Entered an ossuary
  8275 | Ossuary  | Reached ** piety under Hepliaklqana
  8331 | Ossuary  | Remembered your ancestor Nezzuret as a knight
  8475 | D:7      | Reached skill level 5 in Maces & Flails
  8676 | D:7      | Found a basalt altar of Yredelemnul.
  8774 | D:7      | Found a runed translucent door.
  8775 | D:7      | Noticed Crazy Yiuf
  8937 | D:7      | Learned a level 2 spell: Wereblood
  8942 | D:7      | Killed Crazy Yiuf
  9048 | D:8      | Noticed Psyche
  9053 | D:8      | Killed Psyche
  9115 | D:8      | Reached skill level 5 in Invocations
  9260 | D:8      | Reached XP level 10. HP: 76/76 MP: 15/17
  9330 | D:8      | Noticed qqq123's ghost (novice GrFi)
  9333 | D:8      | Found a bloodstained altar of Trog.
  9385 | D:8      | Found a transporter.
  9407 | D:8      | Reached skill level 5 in Short Blades
  9407 | D:8      | Reached skill level 5 in Long Blades
  9407 | D:8      | Reached skill level 5 in Axes
  9407 | D:8      | Reached skill level 5 in Polearms
  9407 | D:8      | Reached skill level 5 in Staves
  9407 | D:8      | Reached skill level 5 in Slings
  9407 | D:8      | Reached skill level 5 in Bows
  9407 | D:8      | Reached skill level 5 in Crossbows
  9407 | D:8      | Reached skill level 5 in Dodging
  9407 | D:8      | Reached skill level 5 in Stealth
  9407 | D:8      | Reached skill level 5 in Shields
  9407 | D:8      | Reached skill level 5 in Unarmed Combat
  9407 | D:8      | Reached skill level 5 in Spellcasting
  9407 | D:8      | Reached skill level 5 in Evocations
  9493 | D:8      | Found a transporter.
  9624 | D:8      | Noticed Pikel
  9630 | D:8      | Killed Pikel
  9631 | D:8      | Reached skill level 10 in Fighting
 10237 | D:9      | Noticed an elephant
 10240 | D:9      | Reached *** piety under Hepliaklqana
 10272 | D:9      | Killed an elephant
 10527 | D:9      | Found a staircase to the Lair.
 10776 | D:9      | Found a white marble altar of Elyvilon.
 11007 | D:9      | Reached XP level 11. HP: 63/81 MP: 19/19
 11343 | D:9      | Noticed a deep elf mage
 11348 | D:9      | Killed a deep elf mage
 11351 | D:9      | Reached skill level 5 in Conjurations
 11351 | D:9      | Reached skill level 5 in Hexes
 11351 | D:9      | Reached skill level 5 in Summonings
 11351 | D:9      | Reached skill level 5 in Necromancy
 11351 | D:9      | Reached skill level 5 in Translocations
 11351 | D:9      | Reached skill level 5 in Transmutations
 11351 | D:9      | Reached skill level 5 in Fire Magic
 11351 | D:9      | Reached skill level 5 in Ice Magic
 11351 | D:9      | Reached skill level 5 in Air Magic
 11351 | D:9      | Reached skill level 5 in Earth Magic
 11351 | D:9      | Reached skill level 5 in Poison Magic
 11432 | D:9      | Paralysed by a hornet for 3 turns
 11607 | D:9      | Noticed a centaur warrior
 11617 | D:9      | Killed a centaur warrior
 11924 | Lair:1   | Entered Level 1 of the Lair of Beasts
 11996 | Lair:1   | Found a gate leading to a gauntlet.
 12009 | Gauntlet | Entered a Gauntlet
 12009 | Gauntlet | Found a transporter.
 12009 | Gauntlet | Found a transporter.
 12009 | Gauntlet | Found a transporter.
 12013 | Gauntlet | Found a transporter.
 12013 | Gauntlet | Found a transporter.
 12014 | Gauntlet | Found a transporter.
 12019 | Gauntlet | Noticed a worldbinder
 12026 | Gauntlet | Noticed a necromancer
 12027 | Gauntlet | Found a transporter.
 12028 | Gauntlet | Found a transporter.
 12043 | Gauntlet | Found a transporter.
 12043 | Gauntlet | Found a transporter.
 12048 | Gauntlet | Noticed a wretched star
 12059 | Gauntlet | Reached **** piety under Hepliaklqana
 12061 | Gauntlet | Found a transporter.
 12065 | Gauntlet | Found a transporter.
 12293 | Gauntlet | Killed a necromancer
 12608 | Gauntlet | Got a pitted tin ring
 12609 | Gauntlet | Identified the ring of Vikhyal {Ice Int+3} (You found it in
                  | a Gauntlet)
 12712 | Gauntlet | Noticed a minotaur
 12720 | Gauntlet | Killed a minotaur
 12732 | Gauntlet | Got a tattered robe
 12907 | Lair:1   | Learned a level 4 spell: Sticky Flame
 13700 | Lair:1   | Identified the +1 robe of Xintofuv {rPois rF+ Will+ Dex+4}
                  | (You found it in a Gauntlet)
 13767 | Lair:2   | Reached XP level 12. HP: 89/89 MP: 22/22
 13818 | Lair:2   | Noticed a five-headed hydra
 13822 | Lair:2   | Killed a five-headed hydra
 13966 | Lair:2   | Noticed a five-headed hydra
 13972 | Lair:2   | Killed a five-headed hydra
 13973 | Lair:2   | Reached skill level 11 in Fighting
 14099 | Lair:2   | Noticed Gastronok
 14121 | Lair:2   | Killed Gastronok
 14236 | Lair:2   | Noticed Sonja
 14242 | Lair:2   | Killed Sonja
 14421 | Lair:2   | Reached skill level 10 in Armour
 14670 | Lair:3   | Reached ***** piety under Hepliaklqana
 14731 | Lair:3   | Learned a level 3 spell: Inner Flame
 14735 | Lair:3   | Learned a level 3 spell: Call Canine Familiar
 15090 | Lair:3   | Noticed an eight-headed hydra
 15098 | Lair:3   | Killed an eight-headed hydra
 16005 | Lair:4   | Reached XP level 13. HP: 95/95 MP: 24/24
 16097 | Lair:4   | Found a hole to the Spider Nest.
 16430 | Lair:4   | Noticed Josephine
 16441 | Lair:4   | Killed Josephine
 16450 | Lair:4   | Found a staircase to the Shoals.
 17542 | Lair:5   | Found a staircase to the Slime Pits.
 18729 | Lair:6   | Entered Level 6 of the Lair of Beasts
 18769 | Lair:5   | Reached XP level 14. HP: 74/102 MP: 26/26
 18917 | Lair:5   | Reached skill level 12 in Fighting
 18917 | Lair:5   | Reached skill level 10 in Throwing
 19950 | Lair:6   | Reached skill level 10 in Invocations
 21609 | Lair:6   | Got a faintly humming chain mail
 21621 | Lair:6   | Identified the +3 chain mail of the Tundras {rF+} (You
                  | found it on level 6 of the Lair of Beasts)
 21984 | D:10     | Entered Level 10 of the Dungeon
 22394 | D:10     | Reached skill level 10 in Maces & Flails
 22420 | D:10     | Got an ancient ruby amulet
 22424 | D:10     | Got a brightly glowing brass ring
 22424 | D:10     | Identified the ring "Doxow" {rF+ rC++ Stlth+} (You found it
                  | on level 10 of the Dungeon)
 22439 | D:10     | Got a scintillating lapis lazuli ring
 22442 | D:10     | Got a vibrating ivory ring
 22454 | D:10     | Identified the amulet "Behilal" {*Drain +Blink rN++ Regen+
                  | Dex+4} (You found it on level 10 of the Dungeon)
 22458 | D:10     | Identified the ring of the Cockatrice {Wiz rN+ Will+} (You
                  | found it on level 10 of the Dungeon)
 22460 | D:10     | Identified the ring of Satisfaction {*Tele rC+} (You found
                  | it on level 10 of the Dungeon)
 22831 | D:10     | Reached XP level 15. HP: 107/109 MP: 28/28
 23697 | D:11     | Found a staircase to the Orcish Mines.
 25477 | D:12     | Noticed Urug
 25493 | D:12     | Killed Urug
 25829 | D:12     | Noticed Jorgrun
 25843 | D:12     | Killed Jorgrun
 25844 | D:12     | Reached skill level 10 in Short Blades
 25844 | D:12     | Reached skill level 10 in Long Blades
 25844 | D:12     | Reached skill level 10 in Axes
 25844 | D:12     | Reached skill level 10 in Polearms
 25844 | D:12     | Reached skill level 10 in Staves
 25844 | D:12     | Reached skill level 10 in Slings
 25844 | D:12     | Reached skill level 10 in Bows
 25844 | D:12     | Reached skill level 10 in Crossbows
 25844 | D:12     | Reached skill level 10 in Dodging
 25844 | D:12     | Reached skill level 10 in Stealth
 25844 | D:12     | Reached skill level 10 in Shields
 25844 | D:12     | Reached skill level 10 in Unarmed Combat
 25844 | D:12     | Reached skill level 10 in Spellcasting
 25844 | D:12     | Reached skill level 10 in Evocations
 25917 | D:12     | Found a transporter.
 26036 | D:12     | Found a transporter.
 26044 | D:12     | Noticed Hehehe's ghost (journeyman DDFi)
 26783 | D:12     | Got a translucent spear
 26784 | D:12     | Identified the +8 spear "Vanusese" {vamp, Str+5 Int+4} (You
                  | found it on level 12 of the Dungeon)
 26840 | Orc:1    | Entered Level 1 of the Orcish Mines
 26844 | Orc:1    | Paralysed by an orc sorcerer for 2 turns
 26971 | Orc:1    | Found a roughly hewn altar of Beogh.
 27072 | Orc:1    | Reached ****** piety under Hepliaklqana
 27318 | Orc:2    | Entered Level 2 of the Orcish Mines
 27458 | Orc:2    | Noticed an orc warlord
 27727 | Orc:2    | Killed an orc warlord
 27844 | Orc:2    | Noticed Nessos
 28297 | Orc:2    | Found a roughly hewn altar of Beogh.
 28447 | Orc:2    | Killed Nessos
 28631 | Orc:2    | Found Onteopy's Antique Weapon Boutique.
 28762 | Orc:2    | Found a staircase to the Elven Halls.
 28875 | Orc:2    | Found Zonualee's Jewellery Boutique.
 28890 | Orc:2    | Found Vaythroh's Antique Armour Boutique.
 28897 | Orc:2    | Bought the +1 cloak of Starlight {*Dazzle EV+4 Stlth--} for
                  | 945 gold pieces
 28897 | Orc:2    | Found the +1 cloak of Starlight {*Dazzle EV+4 Stlth--}
 28915 | Orc:2    | Found Gawokh's General Store.
 28923 | Orc:2    | Bought a scroll of enchant armour for 82 gold pieces
 29011 | Orc:2    | Bought a runed scale mail for 217 gold pieces
 29123 | D:12     | Killed Hehehe's ghost
 29134 | D:12     | Got a sparkling lead ring
 29140 | D:12     | Identified the ring "Plog" {Str+3 Int+6 Stlth+} (You found
                  | it on level 12 of the Dungeon)
 29383 | D:13     | Reached skill level 13 in Fighting
 29456 | D:13     | Noticed Azrael
 29470 | D:13     | Killed Azrael
 29661 | D:13     | Got a slimy leather armour
 29672 | D:13     | Identified the +2 leather armour of Least Resistance
                  | {*Contam rF+ rCorr} (You found it on level 13 of the
                  | Dungeon)
 29898 | D:13     | Reached XP level 16. HP: 117/117 MP: 30/30
 29922 | D:13     | Found a gate to the Vaults.
 30454 | D:13     | Found Jettifit's Assorted Antiques.
 30607 | D:13     | Found a hazy altar of Hepliaklqana.
 31142 | D:14     | Noticed Kirke
 31165 | D:14     | Killed Kirke
 31378 | D:14     | Found a runed translucent gate.
 31378 | D:14     | Found a runed translucent gate.
 31378 | D:14     | Found a runed translucent gate.
 31383 | D:14     | Noticed Opnastoc's ghost (journeyman MiBe)
 31806 | D:14     | Killed Opnastoc's ghost
 31831 | D:14     | Got a scorched jade ring
 31832 | D:14     | Identified the ring of Luruethru {rPois rC+ rN+ Dex+5} (You
                  | found it on level 14 of the Dungeon)
 31877 | D:15     | Entered Level 15 of the Dungeon
 31879 | D:15     | Found a staircase to the Depths.
 32404 | D:15     | Found a frozen archway.
 32410 | D:15     | Identified the cursed +0 scale mail "Goett" {*Slow rPois
                  | Dex+5}
 32414 | IceCv    | Entered an ice cave
 32749 | IceCv    | Identified the amulet "Peopass" {rPois rF+ Regen+} (You
                  | found it in an ice cave)
 33629 | Spider:1 | Entered Level 1 of the Spider Nest
 34119 | Spider:1 | Reached XP level 17. HP: 123/123 MP: 32/32
 34526 | Spider:1 | Found a runed translucent gate.
 34526 | Spider:1 | Found a runed translucent gate.
 34529 | Spider:1 | Found a runed translucent gate.
 34531 | Spider:1 | Noticed Zudoyce's ghost (adept HOFi)
 35077 | Spider:2 | Found a transporter.
 35229 | Spider:3 | Noticed Arachne
 35274 | Spider:3 | Killed Arachne
 36490 | Spider:3 | Noticed Bai Suzhen
 36883 | Spider:3 | Killed Bai Suzhen
 37778 | Spider:4 | Entered Level 4 of the Spider Nest
 38058 | Spider:4 | Reached skill level 10 in Conjurations
 38058 | Spider:4 | Reached skill level 10 in Hexes
 38058 | Spider:4 | Reached skill level 10 in Summonings
 38058 | Spider:4 | Reached skill level 10 in Necromancy
 38058 | Spider:4 | Reached skill level 10 in Translocations
 38058 | Spider:4 | Reached skill level 10 in Transmutations
 38058 | Spider:4 | Reached skill level 10 in Fire Magic
 38058 | Spider:4 | Reached skill level 10 in Ice Magic
 38058 | Spider:4 | Reached skill level 10 in Air Magic
 38058 | Spider:4 | Reached skill level 10 in Earth Magic
 38058 | Spider:4 | Reached skill level 10 in Poison Magic
 38456 | Spider:4 | Reached skill level 14 in Fighting
 39657 | Spider:4 | Reached XP level 18. HP: 131/131 MP: 33/33
 39994 | Spider:4 | Got a gossamer rune of Zot
 40378 | Vaults:1 | Entered Level 1 of the Vaults
 41757 | Vaults:1 | Found a portal to a secret trove of treasure.
 42786 | Vaults:2 | Noticed Frederick
 42792 | Vaults:2 | Noticed Jory
 42800 | Vaults:2 | Noticed Nikola
 42812 | Vaults:2 | Noticed Donald
 43234 | Vaults:2 | Reached XP level 19. HP: 131/137 MP: 35/35
 43428 | Vaults:2 | HP: 2/137 [Jory/+2 vorpal battleaxe (32)]
 43428 | Vaults:2 | Slain by Jory

Illustrated notes

Levels and vault maps discovered:
D:1:      sevenhm_arrival_forest_fort_small_4, layout_basic
D:2:      layout_basic
D:3:      layout_loops_ring, grunt_temple_overflow_order_and_chaos_2
D:4:      layout_loops_ring, nzn_hepliaklqana_mist_gate, kennysheep_little_box,
          minmay_goblin_kobold_house
D:5:      layout_basic, temple_doors_e
D:6:      layout_layer_cave, tgw_xom
D:7:      layout_cave_pools, kennysheep_mini, nicolae_ossuary_entry_monument,
          uniq_duvessa, uniq_crazy_yiuf_cottage
D:8:      layout_gridville, trog_ov_bears_minmay, gammafunk_ghost_arena,
          uniq_pikel, uniq_psyche
D:9:      layout_loops_cross, elyvilon_altar_1, david_lair_generic,
          minmay_shattered_shrine
D:10:     minmay_the_grid_triangle_9x9_rhombus_thin
          [minmay_the_grid_triangle_9x9_pentomino_pain,
          minmay_the_grid_triangle_9x9_prize_special,
          minmay_the_grid_triangle_9x9_alien,
          minmay_the_grid_triangle_9x9_corruption], layout_basic,
          minmay_joined_circles
D:11:     layout_roguey, zombieorc1_lemuel, serial_bayou, serial_bayou_crossing,
          serial_bayou_lake_a, serial_bayou_shore_a, serial_bayou_pond_c,
          kennysheep_generic_room_3
D:12:     layout_long_grid, gammafunk_ghost_arena, special_room
          [special_room_bee], corexii_hall_statues_s, minmay_crystal_water,
          uniq_urug, uniq_jorgrun
D:13:     layout_layer_cave, grunt_vaults_entry_tiered, serial_shops,
          nicolae_shop_trees, basic_altar, uniq_azrael
D:14:     layout_cave_pools, serial_bayou_pond_a, gammafunk_ghost_spectres,
          uniq_kirke
D:15:     gammafunk_depths_entry_grave, layout_rooms,
          portal_ice_cave_entry_pillars_2
Lair:1:   layout_roguey, gauntlet_entry_generic
Lair:2:   layout_hall_layers, roderic_carrion_pond, grunt_megastairs_5,
          uniq_gastronok, uniq_sonja
Lair:3:   layout_gridlike, lemuel_fruit_fields
Lair:4:   layout_layer_cave, minmay_shoals_entry_beasts, spider_nest_entry_webs,
          uniq_josephine
Lair:5:   layout_regular_city, nicolae_slime_entry_slimehenge
Lair:6:   evilmike_catoblepas_cave, layout_loops_ring,
          chequers_serial_rivers_large_b, minmay_lair_oklob_bushes,
          columned_hall_lemuel, minmay_lair_drake_nest
Spider:1: layout_spider_delve, gammafunk_ghost_necromancy
Spider:2: gammafunk_its_a_trap
Spider:3: layout_chambers, hangedman_spider_tarantella_strand, uniq_bai_suzhen,
          uniq_arachne
Spider:4: grunt_spider_rune_parallel
Orc:1:    layout_caves, basic_altar, statue_in_the_mist_lemuel
Orc:2:    grunt_orc_cross, layout_diamond_mine, nicolae_orc_lava_tube,
          nicolae_orc_rockfall, uniq_nessos
Vaults:1: ontoclasm_vaults_decontamination, hangedman_vaults_river_flow,
          hangedman_vaults_nodes, nicolae_vaults_shelves_hall,
          vaults_room_guarded_vault, v_misc_19, nicolae_vaults_three_branches,
          nicolae_vaults_circle_grid_b, hangedman_vaults_capsules,
          nicolae_vaults_little_squares_6, layout_vaults_omnicross,
          nicolae_trove_entry_crystal
Vaults:2: v_alt_pattern_5, nicolae_vaults_what_the_h, vaults_room_pool,
          nicolae_vaults_theta, nicolae_vaults_little_squares_2,
          ontoclasm_vaults_gateway, vaults_room_fancy_cross,
          vaults_standard_mumra_x, vaults_mumra_hexcomb,
          nicolae_vaults_asterisk, nicolae_vaults_theta, v_pattern_1, v_rooms_1,
          layout_vaults_omnibox, serial_shops, freezing_bzr, uniq_donald,
          uniq_frederick, uniq_jory, uniq_nikola

Skill      XL: |  1  2  3  4  5  6  7  8  9 10 11 12 13 14 15 16 17 18 |
---------------+-------------------------------------------------------+-----
Invocations    | 1 2 3 4 5 6 7 8 9 10 11 12 13 | 13.5
Short Blades   | 1 2 3 4 5 6 7 8 9 10 11 12 | 12.5
Long Blades    | 1 2 3 4 5 6 7 8 9 10 11 12 | 12.5
Axes           | 1 2 3 4 5 6 7 8 9 10 11 12 | 12.5
Polearms       | 1 2 3 4 5 6 7 8 9 10 11 12 | 12.5
Staves         | 1 2 3 4 5 6 7 8 9 10 11 12 | 12.5
Slings         | 1 2 3 4 5 6 7 8 9 10 11 12 | 12.5
Bows           | 1 2 3 4 5 6 7 8 9 10 11 12 | 12.5
Crossbows      | 1 2 3 4 5 6 7 8 9 10 11 12 | 12.5
Dodging        | 1 2 3 4 5 6 7 8 9 10 11 12 | 12.5
Stealth        | 1 2 3 4 5 6 7 8 9 10 11 12 | 12.5
Shields        | 1 2 3 4 5 6 7 8 9 10 11 12 | 12.5
Unarmed Combat | 1 2 3 4 5 6 7 8 9 10 11 12 | 12.5
Spellcasting   | 1 2 3 4 5 6 7 8 9 10 11 12 | 12.5
Evocations     | 1 2 3 4 5 6 7 8 9 10 11 12 | 12.5
Conjurations   | 1 2 3 4 5 6 7 8 9 10 | 10.7
Hexes          | 1 2 3 4 5 6 7 8 9 10 | 10.7
Summonings     | 1 2 3 4 5 6 7 8 9 10 | 10.7
Necromancy     | 1 2 3 4 5 6 7 8 9 10 | 10.7
Translocations | 1 2 3 4 5 6 7 8 9 10 | 10.7
Transmutations | 1 2 3 4 5 6 7 8 9 10 | 10.7
Fire Magic     | 1 2 3 4 5 6 7 8 9 10 | 10.7
Ice Magic      | 1 2 3 4 5 6 7 8 9 10 | 10.7
Air Magic      | 1 2 3 4 5 6 7 8 9 10 | 10.7
Earth Magic    | 1 2 3 4 5 6 7 8 9 10 | 10.7
Poison Magic   | 1 2 3 4 5 6 7 8 9 10 | 10.7
Maces & Flails | 3 4 5 6 7 8 9 10 11 12 | 12.8
Throwing       | 5 6 7 8 9 10 11 12 13 | 13.2
Armour         | 7 8 9 10 11 12 13 | 13.8
Fighting       | 9 10 11 12 13 14 | 14.6

Action                   |  1- 3 |  4- 6 |  7- 9 | 10-12 | 13-15 | 16-18 | 19-21 || total
-------------------------+-------+-------+-------+-------+-------+-------+-------++-------
Melee: Dagger            |   123 |   421 |   147 |    23 |   178 |       |       ||   892
       Bite              |    11 |    46 |    16 |     3 |    73 |   476 |    15 ||   640
       Punch             |       |     2 |     2 |       |    18 |       |       ||    22
       Unarmed           |       |       |       |     6 |       |     9 |       ||    15
       Spear             |       |       |       |       |   443 |  2583 |    62 ||  3088
 Fire: Hunting sling     |       |       |   118 |   521 |   808 |     3 |     3 ||  1453
Throw: Dart              |       |       |     4 |       |       |       |       ||     4
       Javelin           |       |       |     2 |       |       |       |       ||     2
 Cast: Wereblood         |       |       |       |     1 |     1 |     1 |     1 ||     4
       Call Canine Famil |       |       |       |     1 |     1 |       |       ||     2
       Inner Flame       |       |       |       |       |     4 |       |       ||     4
       Sticky Flame      |       |       |       |       |    12 |     1 |     4 ||    17
Invok: Ancestor Identity |       |     1 |       |       |       |       |       ||     1
       Recall Ancestor   |       |       |     2 |     1 |     1 |     5 |       ||     9
       Ancestor Life: Kn |       |       |     1 |       |       |       |       ||     1
       Idealise          |       |       |       |       |     6 |     4 |       ||    10
       Transference      |       |       |       |       |     2 |     1 |       ||     3
Evoke: Wand              |       |       |     2 |     4 |    23 |     4 |       ||    33
       Phial of floods   |       |       |       |       |     1 |       |       ||     1
       Condenser vane    |       |       |       |       |     1 |     1 |       ||     2
  Use: Scroll            |     1 |     8 |     3 |    12 |    11 |    15 |       ||    50
       Potion            |       |       |       |     2 |     2 |     7 |     1 ||    12
 Stab: Sleeping          |       |     1 |       |       |     3 |    13 |       ||    17
       Distracted        |       |       |     1 |       |     3 |    20 |       ||    24
       Invisible         |       |       |       |       |     2 |    60 |     1 ||    63
Armor: Ring mail         |    41 |    91 |       |       |       |       |       ||   132
       Scale mail        |       |   105 |   100 |   103 |   156 |   460 |    23 ||   947
       Skin              |       |       |       |     6 |       |     8 |       ||    14
       Chain mail        |       |       |       |       |   158 |       |       ||   158
Dodge: Dodged            |    64 |   183 |   117 |   127 |   341 |  1222 |    70 ||  2124
Block: Other             |       |    89 |    46 |    59 |    94 |     4 |       ||   292
       Reflection        |       |       |       |     3 |    13 |    65 |     3 ||    84
       Kite shield       |       |       |       |       |   144 |  1707 |    73 ||  1924
